 Dungeon Sprint DCSS version 0.30.1-11-g7821555f0a (webtiles) character file.

Game seed: 11538556281877405874

56 Groucho the Sneak (level 3, -1/17 (18) HPs)
             Began as a Spriggan Enchanter on Dec 23, 2023.
             Slain by a necrophage (2 damage)
             ... in the Dungeon (Sprint II: "The Violet Keep of Menkaure").
             The game lasted 00:00:30 (14 turns).

Groucho the Sneak (Spriggan Enchanter)                Turns: 14, Time: 00:00:31

HP:   -1/17 (18)    AC:  2    Str:  4    XL:     3   Next: 71%
MP:   6/9           EV: 19    Int: 18    God:
Gold: 0             SH:  0    Dex: 15    Spells: 10/10 levels left

rFire   . . .        a - +1 dagger
rCold   . . .        (no shield)
rNeg    . . .        b - +0 robe
rPois   .            (helmet restricted)
rElec   .            (no cloak)
rCorr   .            (gloves unavailable)
SInv    +            (boots unavailable)
Will    .....        (no amulet)
Stlth   +++          (no ring)
HPRegen 0.22/turn    (no ring)
MPRegen 0.11/turn

%: no teleportation
@: hasted, drained, invisible, very quick
A: very small, no large weapons, unfitting armour, see invisible, speed 3
a: no special abilities


You were in the Dungeon.
You visited 1 branch

Inventory:

Hand Weapons
 a - a +1 dagger (weapon)
Armour
 b - a +0 robe (worn)
Scrolls
 i - a scroll of blinking
Potions
 c - a potion of invisibility
 d - a potion of curing
 e - a potion of heal wounds
 g - 2 potions of magic
 h - a potion of berserk rage


   Skills:
 + Level 2.1 Fighting
 + Level 3.3 Short Blades
 + Level 4.7 Dodging
 + Level 6.7 Stealth
 + Level 4.3 Spellcasting
 - Level 5.0 Hexes


You had 10 spell levels left.
You didn't know any spells.
Your spell library contained the following spells:

 Spells                   Type           Power      Damage    Failure   Level
 Confusing Touch          Hex            21%        N/A       5%          3
 Tukima's Dance           Hex            21%        N/A       5%          3
 Ensorcelled Hibernation  Hex/Ice        24%        N/A       8%          2
 Dazzling Flash           Conj/Hex       24%        N/A       16%         3


Dungeon Overview and Level Annotations

Branches:
Dungeon (1/1)

Altars:


Innate Abilities, Weirdness & Mutations

You are very small and have problems with some larger weapons.
You are too small for most types of armour.
You have supernaturally acute eyesight. (SInv)
You cover ground extremely quickly. (Speed+++)


Message History

The necrophage completely misses you.
You closely miss the necrophage.
The necrophage is almost destroyed.
You hit the necrophage but do no damage.
The necrophage is almost destroyed.
The necrophage completely misses you. The necrophage barely misses you.
You hit the necrophage.
The necrophage is almost destroyed.
You completely miss the necrophage.
The necrophage is almost destroyed.
The necrophage completely misses you. The necrophage hits you.
Ouch! That really hurt!
You catch the helpless necrophage completely off-guard!
You puncture the necrophage!
You destroy the necrophage!
The necrophage closely misses you. The necrophage barely misses you.
Training target 5.0 for Hexes reached!
Your Fighting skill gained 2 levels and is now at level 2!
Your Short Blades skill gained 2 levels and is now at level 3!
Your Dodging skill gained 2 levels and is now at level 4!
Your Stealth skill gained 2 levels and is now at level 6!
Your Spellcasting skill gained 2 levels and is now at level 4!
Your Hexes skill gained 2 levels and is now at level 5!
You have reached level 2!
You have reached level 3!
Your experience leads to an increase in your attributes!
Increase (S)trength, (I)ntelligence, or (D)exterity?
You feel clever. x2
Unknown command.
You are too injured to fight recklessly!
You are too injured to fight recklessly!
Unknown command.
You barely miss the necrophage. You punch the necrophage.
The necrophage is lightly damaged.
You hit the necrophage.
The necrophage is lightly damaged.
The necrophage hits you.
* * * LOW HITPOINT WARNING * * *
You feel drained.
You die...

##+##
##.$.##
#†n#nn#
#@#.#
##n#
##.##
+.<.+
##.##
#+#


You could see 2 necrophages.

Vanquished Creatures
  A necrophage (D)
1 creature vanquished.

Notes
Turn   | Place    | Note
-------+----------+-------------------------------------------
     0 | D        | Groucho the Spriggan Enchanter began the quest for the Orb.
     0 | D        | Reached XP level 1. HP: 9/9 MP: 5/5
     3 | D        | Noticed a necrophage
     3 | D        | Noticed a necrophage
     3 | D        | Noticed a necrophage
     3 | D        | Noticed a necrophage
    12 | D        | Killed a necrophage
    13 | D        | Reached skill level 6 in Stealth
    13 | D        | Reached skill level 5 in Hexes
    13 | D        | Reached XP level 2. HP: 6/15 MP: 6/8
    13 | D        | Reached XP level 3. HP: 7/18 MP: 6/9
    14 | D        | Slain by a necrophage

Illustrated notes

Levels and vault maps discovered:
D:        the_violet_keep_of_menkaure [sprint2_stairs_cluster_1,
          sprint2_shoproom, sprint2_temple, sprint2_basic_supplies,
          sprint2_obstacle_4, sprint2_obstacle_5, sprint2_obstacle_3,
          sprint2_obstacle_1, sprint2_obstacle_2, sprint2_timed_cluster_1,
          sprint2_smallroom_cluster_1, sprint2_smallroom_final_cluster_1,
          sprint2_transparent_cluster_1, sprint2_second_timed_cluster_1,
          sprint2_sniper_area_1, sprint2_heavy_combat_area_1,
          sprint2_mutation_trap_area_1, sprint2_forest_area_1,
          sprint2_light_combat_area_1, sprint2_behind_water_1,
          sprint2_near_end_vault_1]

Skill      XL: |  1 |
---------------+----+-----
Fighting       | 2 |  2.1
Short Blades   | 3 |  3.3
Dodging        | 4 |  4.7
Stealth        | 6 |  6.7
Spellcasting   | 4 |  4.3
Hexes          | 5 |  5.0

Action                     || total
---------------------------++-------
  Melee: Dagger            ||     9
         Punch             ||     1
    Use: Potion            ||     2
   Stab: Invisible         ||     1
         Sleeping          ||     1
  Dodge: Dodged            ||     6
